 Dungeon Crawl Stone Soup version 0.31-a0-207-g184df878d8 (webtiles) character file.

Game seed: 1452824051792047870

1633 Ijustatesigmund the Stinger (level 8, -1/48 HPs)
             Began as an Octopode Venom Mage on June 28, 2023.
             Slain by Pikel
             ... wielding a +1 whip of freezing
              (2 damage)
             ... on level 6 of the Dungeon.
             The game lasted 00:12:34 (7280 turns).

Ijustatesigmund the Stinger (Octopode Venom Mage)   Turns: 7280, Time: 00:12:35

Health: -1/48      AC:  1    Str:  8    XL:     8   Next: 98%
Magic:  15/15      EV: 13    Int: 25    God:
Gold:   211        SH:  0    Dex: 12    Spells: 6/16 levels left

rFire   . . .        m - +5 quarterstaff (freeze)
rCold   . . .        (shield currently unavailable)
rNeg    . . .        (helmet restricted)
rPois   +            (no amulet)
rElec   .            d - ring of poison resistance
rCorr   .            f - +6 ring of intelligence
SInv    .            (no ring)
Will    .....        (no ring)
Stlth   +++          (no ring)
HPRegen 0.28/turn    (no ring)
MPRegen 0.14/turn    (no ring)
                     (no ring)

%: no passive effects
@: no status effects
A: almost no armour, amphibious, 8 rings, camouflage 1, gelatinous body 1,
(nimble swimmer 1), tentacles
a: no special abilities


You were on level 6 of the Dungeon.
You visited 2 branches of the dungeon, and saw 7 of its levels.

You collected 348 gold pieces.
You spent 137 gold pieces at shops.

Inventory:

Hand Weapons
 m - a +5 quarterstaff of freezing (weapon)
Missiles
 c - 2 throwing nets
Magical Staves
 g - a staff of conjuration
Jewellery
 d - a ring of poison resistance (left tentacle)
 f - a +6 ring of intelligence (right tentacle)
Wands
 p - a wand of polymorph (8)
Scrolls
 b - a scroll of enchant weapon
 e - 2 scrolls of identify
 h - 2 scrolls of immolation
 i - a scroll of brand weapon
 l - 2 scrolls of teleportation
 o - a scroll of blinking {unknown}
Potions
 a - 2 potions of lignification
 j - 3 potions of brilliance
 k - 6 potions of curing
 n - a potion of attraction
 r - a potion of heal wounds
 s - 2 potions of magic
 t - a potion of haste {unknown}


   Skills:
 - Level 1.2 Fighting
 + Level 3.9 Staves
 - Level 2.0 Dodging
 - Level 2.6 Stealth
 + Level 4.9 Spellcasting
 + Level 4.5 Conjurations
 - Level 1.0 Transmutations
 + Level 4.6 Air Magic
 + Level 7.0 Poison Magic
 - Level 2.1 Evocations


You had 6 spell levels left.
You knew the following spells:

 Your Spells              Type           Power      Damage    Failure   Level
a - Sting                 Tmut/Pois      100%       1d8       1%          1
b - Poisonous Vapours     Pois/Air       70%        N/A       1%          2
c - Mephitic Cloud        Conj/Pois/Air  33%        N/A       2%          3
d - Olgreb's Toxic Radia  Pois           41%        N/A       4%          4

Your spell library contained the following spells:

 Spells                   Type           Power      Damage    Failure   Level
 Magic Dart               Conj           100%       1d8       1%          1
 Slow                     Hex            24%        N/A       9%          1
 Call Imp                 Summ           12%        N/A       13%         2
 Confusing Touch          Hex            6%         N/A       26%         3
 Inner Flame              Hex/Fire       6%         N/A       26%         3
 Vampiric Draining        Necr           6%         2d6       26%         3
 Volatile Blastmotes      Fire/Tloc      12%        2d11      26%         3
 Flame Wave               Conj/Fire      17%        2d7       32%         4
 Fulminant Prism          Conj/Hex       8%         3d7       32%         4
 Iskenderun's Mystic Bla  Conj/Tloc      17%        2d5       32%         4
 Sticky Flame             Conj/Fire      17%        2d4       32%         4
 Lee's Rapid Deconstruct  Erth           3%         3d5*      93%         5


Dungeon Overview and Level Annotations

Branches:
Dungeon (6/15)             Temple (1/1) D:4

Altars:
Ashenzari
Cheibriados
Dithmenos
Gozag
Hepliaklqana
Makhleb
Nemelex Xobeh
Okawaru
Qazlal
Ru
Sif Muna
Trog
Uskayaw
Wu Jian
Yredelemnul
Zin
The Shining One

Shops:
D:4 *

Annotations:
D:6 Pikel


Innate Abilities, Weirdness & Mutations

You cannot wear most types of armour.
You are amphibious.
You can wear up to eight rings at the same time.
Your skin changes colour to match your surroundings (Stealth+).
Your rubbery body absorbs attacks. (AC +1, EV +1)
((You are camouflaged when in or above water. (Stealth+)))
You have tentacles for arms and can constrict up to eight enemies at once.


Message History

Found a scroll of teleportation.
The adder hisses angrily.
Pikel shouts!
The lemure shouts! x2
You hit the lemure. You freeze the lemure. Your grab misses the lemure.
The lemure is lightly wounded.
The lemure hits you.
You hit the lemure. You freeze the lemure. Your grab misses the lemure.
The lemure is moderately wounded.
The lemure hits you but does no damage. The adder bites you.
You hit the lemure. You freeze the lemure. You grab the lemure.
The lemure is moderately wounded.
You constrict the lemure, but do no damage.
The lemure struggles to escape constriction.
Pikel barely misses you. The adder misses you.
You sock the lemure! You freeze the lemure.
The lemure is almost dead.
You constrict the lemure. The adder misses you. The lemure closely misses you.
Pikel hits you with a +1 whip of freezing.
Pikel freezes you. The adder bites you.
You sock the lemure! You freeze the lemure.
You kill the lemure!
That felt strangely unrewarding.
Pikel barely misses you. The adder barely misses you.
You hit Pikel. You freeze Pikel. Your grab misses Pikel.
Your squeeze misses Pikel.
Pikel is lightly wounded.
The lemure completely misses you. The lemure hits you.
Pikel closely misses you. The adder bites you.
You miss Pikel. Your grab misses Pikel. Your squeeze misses Pikel.
Pikel is lightly wounded.
The adder bites you. The lemure hits you. The lemure barely misses you.
Pikel hits you with a +1 whip of freezing!
Pikel freezes you.
* * * LOW HITPOINT WARNING * * *
The lemure hits you!
* * * LOW HITPOINT WARNING * * *
The lemure closely misses you.
Pikel hits you with a +1 whip of freezing.
* * * LOW HITPOINT WARNING * * *
Pikel freezes you.
You die...

.....#######
..........
.?......
##......##
#........#
##..S...##
#.#K55.#.#
#..#@5#..#
#.†.##...#
#...##...#
#..#.†#..#
#.#....# #
#.#....#
.#.##S##..##
.#.## #...#
..# #..##


You could see Pikel, 3 lemures and an adder.

Vanquished Creatures
  Sigmund (D:5)
  A water moccasin (D:6)
  2 black bears
  An ogre (D:3)
  A lemure (D:6)
  4 scorpions
  5 wights (D:6)
  A jelly (D:5)
  3 hounds
  Crazy Yiuf (D:3)
  An orc priest (D:5)
  2 iguanas
  A sleepcap (D:5)
  6 orc wizards
  8 adders
  2 white imps
  3 worms
  A dart slug (D:3)
  21 orcs
  6 endoplasms
  A giant cockroach (D:2)
  11 goblins
  6 hobgoblins
  5 jackals
  3 quokkas
  6 ball pythons
  8 bats
  A frilled lizard (D:3)
  4 kobolds
  7 rats
123 creatures vanquished.

Vanquished Creatures (others)
  An orc (D:4)
1 creature vanquished.

Grand Total: 124 creatures vanquished

Notes
Turn   | Place    | Note
-------+----------+-------------------------------------------
     0 | D:1      | Ijustatesigmund the Octopode Venom Mage began the quest for
                  | the Orb.
     0 | D:1      | Reached XP level 1. HP: 11/11 MP: 3/3
   197 | D:1      | Reached XP level 2. HP: 12/18 MP: 1/5
   200 | D:1      | Learned a level 2 spell: Poisonous Vapours
   275 | D:1      | Reached skill level 1 in Fighting
   476 | D:1      | Reached skill level 4 in Poison Magic
  1149 | D:2      | Reached XP level 3. HP: 22/23 MP: 6/6
  1154 | D:2      | Learned a level 3 spell: Mephitic Cloud
  2600 | D:3      | Noticed an ogre
  2615 | D:3      | Killed an ogre
  2616 | D:3      | Reached skill level 1 in Conjurations
  2616 | D:3      | Reached skill level 1 in Air Magic
  2616 | D:3      | Reached skill level 1 in Evocations
  2616 | D:3      | Reached XP level 4. HP: 21/28 MP: 0/8
  2616 | D:3      | Reached XP level 5. HP: 25/33 MP: 0/9
  3786 | D:3      | Learned a level 4 spell: Olgreb's Toxic Radiance
  3809 | D:3      | Found a faded altar of an unknown god.
  3879 | D:3      | Found a runed translucent door.
  3880 | D:3      | Noticed Crazy Yiuf
  3888 | D:3      | Killed Crazy Yiuf
  3889 | D:3      | Reached XP level 6. HP: 31/38 MP: 2/10
  4199 | D:4      | Reached skill level 5 in Poison Magic
  4521 | D:4      | Found a staircase to the Ecumenical Temple.
  4623 | Temple   | Entered the Ecumenical Temple
  4623 | Temple   | Found a transporter.
  4623 | Temple   | Found a transporter.
  4625 | Temple   | Found a transporter.
  4625 | Temple   | Found a transporter.
  4809 | D:4      | Reached skill level 1 in Staves
  5026 | D:4      | Found Wiffof's Assorted Antiques.
  5087 | D:4      | Reached XP level 7. HP: 43/43 MP: 7/12
  5327 | D:4      | Bought a scroll labelled FIEPAI WAUBB for 28 gold pieces
  5327 | D:4      | Bought a scroll labelled HUORIPH WAOLUL for 28 gold pieces
  5327 | D:4      | Bought a red potion for 25 gold pieces
  5327 | D:4      | Bought a scroll labelled VUORYO JIUWNI for 28 gold pieces
  5327 | D:4      | Bought a scroll labelled RIYLALU EXTOE for 28 gold pieces
  5776 | D:5      | Entered Level 5 of the Dungeon
  6338 | D:5      | Reached skill level 6 in Poison Magic
  6338 | D:5      | Reached XP level 8. HP: 46/48 MP: 3/14
  6340 | D:5      | Noticed Sigmund
  6359 | D:5      | Killed Sigmund
  6845 | D:6      | Identified the +1 chain mail of Dishonour {Str+3}
  7232 | D:6      | Reached skill level 7 in Poison Magic
  7273 | D:6      | Noticed Pikel
  7280 | D:6      | HP: 1/48 [Pikel/+1 whip of freezing (6)]
  7280 | D:6      | Slain by Pikel

Illustrated notes

Levels and vault maps discovered:
D:1:      ebering_trefoil_3fold, layout_loops_cross
D:2:      layout_basic, glass_columns_a, minmay_hedge_maze
D:3:      wad_lake_hut, layout_loops_ring,
          hellmonk_ecumenical_altar_inner_sanctum, minmay_ogre_servants,
          uniq_crazy_yiuf_cottage
D:4:      layout_loops_cross, temple_green, kennysheep_windowed_goal
D:5:      layout_gridville, uniq_sigmund
D:6:      layout_rooms, minmay_splitting_lines, nicolae_half_adder, uniq_pikel,
          uniq_duvessa
Temple:   hellmonk_temple_divided_pantheon

Skill      XL: |  1  2  3  4  5  6  7  8 |
---------------+-------------------------+-----
Fighting       | 1 |  1.2
Poison Magic   | 4 5 6 7 |  7.0
Conjurations   | 1 2 3 4 |  4.5
Air Magic      | 1 2 3 4 |  4.6
Evocations     | 1 2 |  2.1
Spellcasting   | 3 4 |  4.9
Staves         | 1 2 3 |  3.9
Dodging        | |  2.0
Stealth        | |  2.6
Transmutations | |  1.0

Action                     |  1- 3 |  4- 6 |  7- 9 || total
---------------------------+-------+-------+-------++-------
  Melee: Unarmed           |    52 |       |       ||    52
         Constrict         |    24 |    23 |    18 ||    65
         Tentacles         |    15 |    19 |    17 ||    51
         Punch             |     1 |     1 |     1 ||     3
         Staff             |    24 |    77 |       ||   101
         Quarterstaff      |       |       |    81 ||    81
   Cast: Sting             |    18 |     2 |       ||    20
         Poisonous Vapours |    17 |    18 |    15 ||    50
         Mephitic Cloud    |       |     3 |       ||     3
         Olgreb's Toxic Ra |       |     3 |     4 ||     7
    Use: Scroll            |     7 |     4 |     8 ||    19
         Potion            |     2 |     1 |     2 ||     5
   Stab: Sleeping          |     3 |     4 |     1 ||     8
         Invisible         |     1 |     1 |     2 ||     4
         Confused          |       |     2 |       ||     2
 Armour: Skin              |    14 |     5 |     5 ||    24
  Dodge: Dodged            |    68 |    48 |    49 ||   165

Table legend: (Time is in decaauts)
 A = Elapsed time spent in this place.
 B = Non-inter-level travel time spent in this place.
 C = Inter-level travel time spent in this place.
 D = Time resting spent in this place.
 E = Time spent auto-exploring this place.
 F = Levels seen in this place.
 G = Mean time per level.
                   A        B        C        D        E       F      G
               +--------+--------+--------+--------+--------+-----+--------+
         Total |   7308 |   7157 |    151 |   2052 |   4281 |   7 | 1044.0 |
       Dungeon |   7256 |   7106 |    150 |   2052 |   4280 |   6 | 1209.3 |
        Temple |     51 |     51 |      0 |      0 |      1 |   1 |   51.0 |
               +--------+--------+--------+--------+--------+-----+--------+

Top non-repeatable levels by time:
     D:3: 1860 daAuts
     D:4: 1547 daAuts
     D:2: 1189 daAuts
     D:1: 1144 daAuts
     D:5: 932 daAuts
     D:6: 581 daAuts
  Temple: 51 daAuts
